 Dungeon Crawl Stone Soup version 0.23.2-40-g277498a001 (webtiles) character file.

Game seed: 7465381271065869860

13240 Martska the Severer (level 11, -1/101 HPs)
             Began as a Minotaur Berserker on Oct 1, 2019.
             Was a High Priest of Trog.
             Killed from afar by a starcursed mass (12 damage)
             ... with an accursed screaming
             ... on level 1 of the Abyss.
             The game lasted 00:28:16 (9358 turns).

Martska the Severer (Minotaur Berserker)            Turns: 9358, Time: 00:28:17

Health: -1/101     AC: 21    Str: 23      XL:     11   Next: 73%
Magic:  10/10      EV:  9    Int:  3 (4)  God:    Trog [*****.]
Gold:   343        SH:  0    Dex: 12      Spells: 10/10 levels left

rFire    + . .     SeeInvis .   w - +0 war axe
rCold    + . .     Gourm    .   (no shield)
rNeg     . . .     Faith    .   p - +0 plate armour
rPois    .         Spirit   .   (helmet restricted)
rElec    .         Reflect  .   x - scarf {rC+ rF+}
rCorr    .         Harm     +   (no gloves)
MR       ++...                  (no boots)
Stlth    ..........             J - amulet of harm
HPRegen  1.26/turn              d - +2 ring of protection
MPRegen  0.12/turn              n - +4 ring of protection

@: regenerating
A: retaliatory headbutt, horns 2
a: Berserk, Trog's Hand, Brothers in Arms, Renounce Religion


You were on level 1 of the Abyss.
You worshipped Trog.
Trog was extremely pleased with you.
You were not hungry.

You visited 1 branch of the dungeon, and saw 10 of its levels.
You visited the Abyss 1 time.

You collected 343 gold pieces.

Inventory:

Hand Weapons
 a - a +0 hand axe
 q - a +4 scimitar of flaming
 w - a +0 war axe (weapon)
 D - a +0 war axe
 E - a +0 vampiric scythe
 L - a +0 halberd
Armour
 b - a +0 animal skin
 f - a +0 ring mail
 k - a +0 ring mail
 p - a +0 plate armour (worn)
 x - a scarf of resistance (worn)
 K - a +2 hat
Jewellery
 d - a +2 ring of protection (left hand)
 n - a +4 ring of protection (right hand)
 t - an uncursed amulet of magic regeneration
 A - an uncursed amulet of the acrobat {unknown}
 J - an amulet of harm (around neck)
 M - a cursed ring of protection from cold {unknown}
 N - an uncursed ring of protection from fire {unknown}
Wands
 r - a wand of polymorph (6)
 B - a wand of iceblast (7)
 I - a wand of paralysis (10)
Scrolls
 e - 9 scrolls of identify {unknown}
 h - 9 scrolls of remove curse {unknown}
 j - a scroll of random uselessness {unknown}
 l - 2 scrolls of magic mapping {unknown}
 o - 5 scrolls of teleportation {unknown}
 s - 7 scrolls of immolation {unknown}
 u - 3 scrolls of amnesia {unknown}
 y - 3 scrolls of fog {unknown}
 z - a scroll of noise {unknown}
 F - 2 scrolls of summoning {unknown}
 G - a scroll of blinking {unknown}
Potions
 g - 2 potions of lignification
 i - 2 potions of flight {unknown}
 m - 3 potions of might
 v - 3 potions of degeneration
 C - a potion of curing
 P - a potion of magic {unknown}
Comestibles
 c - 9 rations


   Skills:
 + Level 10.5 Fighting
 + Level 15.3 Axes
 + Level 12.4 Armour
 + Level 3.9 Dodging
 + Level 0.6 Stealth


You had 10 spell levels left.
You didn't know any spells.
Your spell library contained the following spells:

 Spells                   Type           Power        Failure   Level  Hunger
 Animate Skeleton         Necr           N/A          99%         1    ##.....
 Confusing Touch          Hex            #.....       99%         1    ##.....
 Corona                   Hex            #......      99%         1    ##.....
 Pain                     Necr           #...         99%         1    ##.....
 Ensorcelled Hibernation  Hex/Ice        #.....       100%        2    ###....
 Confuse                  Hex            #.......     100%        3    ####...
 Dazzling Spray           Conj/Hex       #.....       100%        3    ####...
 Gell's Gravitas          Tloc           #.........   100%        3    ####...
 Regeneration             Chrm/Necr      #.........   100%        3    ####...
 Tukima's Dance           Hex            #.......     100%        3    ####...
 Vampiric Draining        Necr           #.........   100%        3    ####...
 Animate Dead             Necr           N/A          100%        4    #####..
 Petrify                  Tmut/Erth      #.......     100%        4    #####..
 Metabolic Englaciation   Hex/Ice        #.........   100%        5    ######.
 Yara's Violent Unravell  Hex/Tmut       #.........   100%        5    ######.


Dungeon Overview and Level Annotations

Branches:
Dungeon (10/15)            Temple (0/1) D:5
   Lair: D:8-11         Orc: D:9-12

Altars:
Ashenzari
Cheibriados
Elyvilon
Fedhas
Gozag
Qazlal
Ru
Trog
Uskayaw
Wu Jian
Xom
Zin

Shops:
D:7 *

Annotations:
D:10 1 runed translucent door, exclusion: ice statue, Htamos's ghost, journeyman NaVM
Abyss:1 1 runed translucent door


Innate Abilities, Weirdness & Mutations

You reflexively headbutt those who attack you in melee.
You have a pair of horns on your head.


Message History

You slash the large abomination!
The large abomination is moderately damaged.
The large abomination hits you but does no damage.
You hit the large abomination but do no damage.
You headbutt the large abomination, but do no damage.
The large abomination is moderately damaged.
A starcursed mass splits.
You slash the large abomination! You headbutt the large abomination!
The large abomination is almost destroyed.
The large abomination hits you but does no damage.
You slash the large abomination!
You destroy the large abomination!
Trog accepts your kill.
A starcursed mass splits.
A chorus of shrieks assaults your mind.
* * * LOW HITPOINT WARNING * * *
There are monsters nearby!
A starcursed mass splits.
A chorus of shrieks assaults your mind.
You die...

#.X . #. ? . . .#.
#### ... ##.# ...
..R..##..##..#####
. ......? .......
. . ..#..#.XXX.#.
# ##.##.#.X#..# .
.## #.....#....#
.. ##.#@..#.. .
#......#....# #
##.#.#.##.... #
##..##.# #.#.
#.... ## ## #...
.# #######


You could see 4 starcursed masses.

Vanquished Creatures
  Gastronok (D:8)
  A centaur warrior (D:10)
  4 hell hogs (Abyss:1)
  2 unseen horrors (D:10)
  Joseph (D:8)
  A smoke demon (Abyss:1)
  An efreet (Abyss:1)
  A kobold demonologist (D:10)
  6 hippogriffs
  A spriggan (D:9)
  Sigmund (D:6)
  Grum (D:8)
  A wyvern (D:9)
  A large abomination (Abyss:1)
  A hornet zombie (D:7)
  3 orc warriors
  A black bear (D:9)
  2 ice beasts
  An eye of draining (D:9)
  2 phantoms
  5 ogres
  3 wolves (D:8)
  2 centaurs
  9 big kobolds
  5 bullfrogs
  A wyvern zombie (D:8)
  3 scorpions
  10 killer bees (D:10)
  4 howler monkeys
  A bullfrog zombie (D:10)
  A crimson imp (D:8)
  A quasit (D:9)
  2 centaur zombies
  An orc priest (D:8)
  5 hounds
  3 jellies
  A bullfrog skeleton (D:8)
  4 worker ants
  Natasha (thrice) (D:3)
  2 iguanas
  10 orc wizards
  2 small abominations (Abyss:1)
  A hound zombie (D:9)
  A hound skeleton (D:10)
  7 adders
  A gnoll (D:1)
  2 shadow imps
  A white imp (Abyss:1)
  An ooze (D:4)
  An adder skeleton (D:4)
  3 worms
  5 dart slugs
  6 leopard geckos
  34 orcs
  4 giant cockroaches
  5 goblins
  5 hobgoblins
  2 jackals (D:1)
  9 kobolds
  4 quokkas
  2 ball pythons
  7 bats
  6 frilled lizards
  A giant cockroach zombie (D:6)
  4 rats
223 creatures vanquished.

Vanquished Creatures (others)
  A fungus (D:10)
  3 plants (D:10)
4 creatures vanquished.

Grand Total: 227 creatures vanquished

Notes
Turn   | Place    | Note
-------+----------+-------------------------------------------
     0 | D:1      | Martska the Minotaur Berserker began the quest for the Orb.
     0 | D:1      | Reached XP level 1. HP: 19/19 MP: 0/0
    62 | D:1      | Reached XP level 2. HP: 18/27 MP: 1/1
    70 | D:1      | Reached skill level 4 in Axes
   575 | D:1      | Reached XP level 3. HP: 33/33 MP: 2/2
   652 | D:1      | Reached ** piety under Trog
   786 | D:2      | Found a faded altar of an unknown god.
  1186 | D:2      | Found a sacrificial altar of Ru.
  1366 | D:2      | Found a blossoming altar of Fedhas.
  1366 | D:2      | Found a glowing silver altar of Zin.
  1453 | D:3      | Noticed Natasha
  1459 | D:3      | Killed Natasha
  1459 | D:3      | Reached XP level 4. HP: 41/41 MP: 3/3
  1460 | D:3      | Reached skill level 5 in Axes
  1480 | D:3      | Noticed Natasha
  1498 | D:3      | Killed Natasha
  1618 | D:3      | Reached XP level 5. HP: 39/47 MP: 4/4
  1907 | D:3      | Noticed an orc warrior
  1926 | D:3      | Reached skill level 6 in Axes
  1932 | D:3      | Killed an orc warrior
  1932 | D:3      | Reached skill level 5 in Fighting
  1932 | D:3      | Reached XP level 6. HP: 5/56 MP: 5/5
  2426 | D:3      | Noticed Natasha
  2428 | D:3      | Killed Natasha
  2428 | D:3      | Reached *** piety under Trog
  3155 | D:4      | Reached skill level 7 in Axes
  3307 | D:4      | Reached XP level 7. HP: 57/61 MP: 6/6
  3539 | D:5      | Entered Level 5 of the Dungeon
  3633 | D:5      | Found a staircase to the Ecumenical Temple.
  4381 | D:6      | Reached skill level 8 in Axes
  4528 | D:6      | Reached skill level 5 in Armour
  4673 | D:6      | Noticed Sigmund
  4683 | D:6      | Killed Sigmund
  4683 | D:6      | Reached **** piety under Trog
  4683 | D:6      | Reached skill level 9 in Axes
  4683 | D:6      | Reached XP level 8. HP: 70/70 MP: 7/7
  4794 | D:6      | Found a white marble altar of Elyvilon.
  4798 | D:6      | Found a snail-covered altar of Cheibriados.
  4799 | D:6      | Found a shimmering altar of Xom.
  5125 | D:7      | Found a shattered altar of Ashenzari.
  5158 | D:7      | Noticed a hippogriff
  5159 | D:7      | Reached skill level 10 in Axes
  5167 | D:7      | Killed a hippogriff
  5286 | D:7      | Found Boso's General Store.
  5402 | D:7      | Reached XP level 9. HP: 78/78 MP: 8/8
  5535 | D:8      | Reached skill level 11 in Axes
  5565 | D:8      | Noticed Joseph
  5581 | D:8      | Killed Joseph
  5652 | D:8      | Found a bloodstained altar of Trog.
  5767 | D:8      | Reached skill level 12 in Axes
  5782 | D:8      | Noticed Grum
  5808 | D:8      | Killed Grum
  6101 | D:8      | Found a stormy altar of Qazlal.
  6162 | D:8      | Reached XP level 10. HP: 65/88 MP: 9/9
  6334 | D:8      | Found an opulent altar of Gozag.
  6382 | D:8      | Noticed Gastronok
  6393 | D:8      | Killed Gastronok
  6393 | D:8      | Reached skill level 13 in Axes
  6777 | D:8      | Found an ornate altar of the Wu Jian Council.
  6893 | D:9      | Reached ***** piety under Trog
  6895 | D:9      | Reached skill level 10 in Armour
  7134 | D:9      | Found a hide-covered altar of Uskayaw.
  7604 | D:9      | Found a blossoming altar of Fedhas.
  7851 | D:10     | Entered Level 10 of the Dungeon
  8162 | D:10     | Killed an unseen horror
  8401 | D:10     | Noticed an ice statue
  8451 | D:10     | Reached XP level 11. HP: 94/97 MP: 10/10
  8527 | D:10     | Killed an unseen horror
  8527 | D:10     | Reached skill level 14 in Axes
  8768 | D:10     | Found a runed translucent gate.
  8769 | D:10     | Found a runed translucent gate.
  8769 | D:10     | Found a runed translucent gate.
  8769 | D:10     | Noticed Htamos's ghost (journeyman NaVM)
  8879 | D:10     | Noticed a centaur warrior
  8896 | D:10     | Killed a centaur warrior
  9057 | D:10     | Found a runed translucent door.
  9130 | D:10     | Noticed a sun demon
  9155 | D:10     | Cast into level 1 of the Abyss (big kobold)
  9160 | Abyss:1  | HP: 7/148 [poisoned by Htamos's ghost (sting)]
  9165 | Abyss:1  | HP: 4/148 [poisoned by Htamos's ghost (sting)]
  9171 | Abyss:1  | HP: 3/148 [poisoned by Htamos's ghost (sting)]
  9218 | Abyss:1  | Noticed a hell hog
  9223 | Abyss:1  | Noticed a hell hog
  9224 | Abyss:1  | Noticed a hell hog
  9230 | Abyss:1  | Killed a hell hog
  9230 | Abyss:1  | Reached skill level 10 in Fighting
  9233 | Abyss:1  | Killed a hell hog
  9235 | Abyss:1  | Killed a hell hog
  9240 | Abyss:1  | Noticed a hell hog
  9246 | Abyss:1  | Killed a hell hog
  9246 | Abyss:1  | Reached skill level 15 in Axes
  9260 | Abyss:1  | Noticed a large abomination
  9265 | Abyss:1  | Found a runed translucent door.
  9352 | Abyss:1  | Noticed a starcursed mass
  9358 | Abyss:1  | Killed from afar by a starcursed mass

Skill      XL: |  1  2  3  4  5  6  7  8  9 10 11 |
---------------+----------------------------------+-----
Fighting       | 4 5 6 8 9 10 | 10.5
Axes           | 4 5 6 7 9 10 12 13 15 | 15.3
Dodging        | 3 |  3.9
Armour         | 3 4 5 7 9 11 12 | 12.4
Stealth        | |  0.6

Action                   |  1- 3 |  4- 6 |  7- 9 | 10-12 || total
-------------------------+-------+-------+-------+-------++-------
Melee: Hand axe          |    80 |   123 |       |       ||   203
       Headbutt          |     8 |    24 |    48 |    44 ||   124
       War axe           |       |     4 |   209 |   193 ||   406
Invok: Berserk           |     1 |     2 |     5 |     8 ||    16
       Trog's Hand       |       |       |     1 |     5 ||     6
  Use: Potion            |       |       |       |     7 ||     7
  Eat: Chunk             |     2 |     1 |    11 |     4 ||    18
       Ration            |       |     2 |     1 |     5 ||     8
Armor: Animal skin       |    16 |       |       |       ||    16
       Ring mail         |     7 |     8 |       |       ||    15
       Plate armour      |       |    73 |   180 |   189 ||   442
       Skin              |       |       |       |     6 ||     6
Dodge: Dodged            |    58 |    67 |    90 |    68 ||   283
